 Dungeon Crawl Stone Soup version 0.31-a0-844-gdc52ec4e09 (webtiles) character file.

Game seed: 4312460352006544502

128 Maratek the Ducker (level 4, -2/21 HPs)
             Began as a Felid Berserker on Sept 29, 2023.
             Was a Believer of Trog.
             Slain by an orc
             ... wielding a +0 dagger
              (3 damage)
             ... on level 3 of the Dungeon.
             The game lasted 00:03:41 (2743 turns).

Maratek the Ducker (Felid Berserker)                Turns: 2743, Time: 00:03:41

Health: -2/21      AC:  1    Str: 15    XL:     4   Next: 87%
Magic:  5/5        EV: 19    Int:  8    God:    Trog [**....]
Gold:   173        SH:  0    Dex: 15    Spells: 3/3 levels left
                                        Lives:  0   Deaths: 2

rFire   . .          .
                       - Unarmed
rCold   . . .        (shield unavailable)
rNeg    . . .        (body armour unavailable)
rPois   .            (helmet unavailable)
rElec   .            (cloak unavailable)
rCorr   .            (gloves unavailable)
SInv    +            (boots unavailable)
Will    .....        (no amulet)
Stlth   ++           l - +4 ring of slaying
HPRegen 0.23/turn    (no ring)
MPRegen 0.09/turn

%: no passive effects
@: quick
A: very small, claws 1, fangs 3, see invisible, speed 1, shaggy fur 1, stealthy
paws, no weapons or thrown items, no armour, multi-lived
a: Renounce Religion, Berserk, Trog's Hand


You were on level 3 of the Dungeon.
You worshipped Trog.
Trog was pleased with you.
You visited 1 branch of the dungeon, and saw 3 of its levels.

You collected 173 gold pieces.

Inventory:

Jewellery
 l - a +4 ring of slaying (left paw)
Scrolls
 a - a scroll of fog {unknown}
 b - a scroll of teleportation {unknown}
 e - a scroll of enchant weapon {unknown}
 h - a scroll of identify {unknown}
 i - a scroll of amnesia {unknown}
 j - a scroll of blinking {unknown}
 m - a scroll of fear {unknown}
 o - a scroll of noise {unknown}
 p - a scroll of vulnerability {unknown}
Potions
 c - a potion of curing {unknown}
 d - a potion of haste {unknown}
 f - a potion of resistance {unknown}
 g - 2 potions of lignification {unknown}
 k - 2 potions of brilliance {unknown}
 n - 2 potions of enlightenment {unknown}


   Skills:
 + Level 3.5 Fighting
 + Level 5.0 Dodging
 + Level 1.2 Stealth
 + Level 4.6 Unarmed Combat


You had 3 spell levels left.
You didn't know any spells.
Your spell library was empty.

Dungeon Overview and Level Annotations

Branches:
Dungeon (3/15)

Altars:

Shops:
D:2 (


Innate Abilities, Weirdness & Mutations

You have sharp claws.
You have razor-sharp teeth.
You have supernaturally acute eyesight. (SInv)
You cover ground quickly. (Speed+)
You are covered in fur. (AC +1)
Your paws help you pounce on unaware monsters.
You are incapable of wielding weapons or throwing items.
You cannot wear armour.
You gain extra lives every three experience levels.


Message History

You scratch the orc wizard.
The orc wizard is moderately wounded.
The orc wizard hits you with a +3 dagger.
You scratch the orc wizard.
The orc wizard is heavily wounded.
The orc completely misses you. The orc misses you. x2
The orc wizard gestures wildly while chanting.
The orc wizard flickers and vanishes for a moment.
You scratch the orc wizard. Your claw misses the orc wizard.
You bite the orc wizard.
You kill the orc wizard!
Trog accepts your kill.
Trog appreciates your killing of a magic user.
The orc hits you with a +0 dagger.
The orc hits you from afar with a +0 trident.
The orc completely misses you.
Your Dodging skill increases to level 5!
You are too injured to fight recklessly!
You are too injured to fight recklessly!
Unknown command.
You are too injured to fight recklessly!
Unknown command.
You are too injured to fight recklessly!
The orc completely misses you. The orc hits you with a +0 trident.
The orc closely misses you.
Things that are here:
a +3 dagger; a +0 robe; an orc corpse You scratch the orc.
The orc is almost dead.
You closely miss the orc. You bite the orc.
You kill the orc!
Trog accepts your kill. The orc misses you. x2
The orc hits you with a +0 dagger.
* * * LOW HITPOINT WARNING * * *
The orc hits you with a +0 trident.
* * * LOW HITPOINT WARNING * * *
Items here: )) [ ††.
You barely miss the orc. The orc hits you with a +0 dagger.
You die...

##########...
...............
#...######.##.##
.... ##...#... #
#.. #.....### #.
#.# ##...## #
#.##.###.# ##.##
#.....)o.## #.#
###:.o@...# #.#
#...##.## ##'##
#### #.# ##...##
##.# ##.....##
##..# ##.......##
##...####.........#
#......<'.........+
##...####.........#
##..# ##.......##


You could see 2 orcs.

Vanquished Creatures
  An orc wizard (D:3)
  5 adders
  A worm (D:3)
  4 dart slugs
  2 orcs (D:3)
  8 bats
  An endoplasm (D:2)
  2 giant cockroaches
  4 hobgoblins
  2 jackals (D:1)
  7 kobolds
  A quokka (D:3)
  2 ball pythons
  A frilled lizard (D:1)
  5 goblins
  2 rats (D:3)
48 creatures vanquished.

Notes
Turn   | Place    | Note
-------+----------+-------------------------------------------
     0 | D:1      | Maratek the Felid Berserker began the quest for the Orb.
     0 | D:1      | Reached XP level 1. HP: 10/10 MP: 2/2
   222 | D:1      | Slain by a kobold
   286 | D:1      | Reached XP level 2. HP: 12/14 MP: 3/3
  1126 | D:2      | Reached XP level 3. HP: 16/17 MP: 4/4
  1908 | D:2      | Found Gesiaf's Antique Weapon Boutique.
  2041 | D:3      | Reached ** piety under Trog
  2042 | D:3      | Reached XP level 4. HP: 17/21 MP: 5/5
  2214 | D:3      | Found a faded altar of an unknown god.
  2634 | D:3      | HP: 1/21 [poisoned by an adder]
  2635 | D:3      | Succumbed to an adder's poison
  2736 | D:3      | Reached skill level 1 in Stealth
  2739 | D:3      | Reached skill level 5 in Dodging
  2742 | D:3      | HP: 1/21 [orc/+0 trident (4)]
  2743 | D:3      | Slain by an orc

Illustrated notes

Levels and vault maps discovered:
D:1:      tekkud_arrival_beachfront_property, layout_loops_cross,
          hangedman_abyss_or_decor_lesser_grid
D:2:      layout_basic, serial_shops, shop
D:3:      layout_loops_corners, dreamdust_ecumenical_altar_angels_and_demons

Skill      XL: |  1  2  3  4 |
---------------+-------------+-----
Unarmed Combat | 4 |  4.6
Stealth        | 1 |  1.2
Dodging        | 5 |  5.0
Fighting       | |  3.5

Action                     |  1- 3 |  4- 6 || total
---------------------------+-------+-------++-------
  Melee: Unarmed           |    96 |    32 ||   128
         Bite              |     8 |     3 ||    11
         Punch             |     4 |     1 ||     5
 Invoke: Berserk           |     1 |       ||     1
 Armour: Skin              |    30 |    13 ||    43
  Dodge: Dodged            |    79 |    30 ||   109

Table legend: (Time is in decaauts)
 A = Elapsed time spent in this place.
 B = Non-inter-level travel time spent in this place.
 C = Inter-level travel time spent in this place.
 D = Time resting spent in this place.
 E = Time spent auto-exploring this place.
 F = Levels seen in this place.
 G = Mean time per level.
                   A        B        C        D        E       F      G
               +--------+--------+--------+--------+--------+-----+--------+
         Total |   2355 |   2351 |      4 |    483 |   1552 |   3 |  785.0 |
       Dungeon |   2355 |   2351 |      4 |    483 |   1552 |   3 |  785.0 |
               +--------+--------+--------+--------+--------+-----+--------+

Top non-repeatable levels by time:
     D:2: 938 daAuts
     D:1: 825 daAuts
     D:3: 591 daAuts
